 Dungeon Crawl Stone Soup version 0.30.1 (webtiles) character file.

Game seed: 7279469602551173759

15827 McKennaii the Destroyer (level 11, -13/74 HPs)
             Began as a Demigod Conjurer on July 9, 2023.
             Mangled by a komodo dragon (28 damage)
             ... on level 12 of the Dungeon.
             The game lasted 00:20:02 (16446 turns).

McKennaii the Destroyer (Demigod Conjurer)         Turns: 16446, Time: 00:20:03

Health: -13/74     AC: 10    Str:  8    XL:     11   Next: 73%
Magic:  16/31      EV: 11    Int: 38    God:
Gold:   766        SH:  0    Dex: 12    Spells: 27/34 levels left

rFire   + . .        y - +2 whip (freeze)
rCold   + . .        (no shield)
rNeg    . . .        U - +2 leather armour {rC+}
rPois   .            K - +1 hat
rElec   .            k - +0 cloak
rCorr   .            S - +0 pair of gloves of Koth {Harm rF+ Slay+3}
SInv    .            H - +1 pair of boots
Will    ++...        q - amulet of the acrobat
Stlth   ++           A - +6 ring of intelligence
HPRegen 0.32/turn    R - ring of willpower
MPRegen 0.22/turn

%: harm (+30% outgoing, +20% incoming), acrobat
@: no status effects
A: high MP 1, forlorn, divine attributes
a: no special abilities


You were on level 12 of the Dungeon.
You visited 1 branch of the dungeon, and saw 12 of its levels.
You also visited: Sewer and Bailey.

You collected 766 gold pieces.

Inventory:

Hand Weapons
 y - a +2 whip of freezing (weapon)
Armour
 k - a +0 cloak (worn)
 H - a +1 pair of boots (worn)
 K - a +1 hat (worn)
 S - the +0 pair of gloves of Koth (worn) {Harm rF+ Slay+3}
   (You found it on level 7 of the Dungeon)

   Slay:      It affects your accuracy & damage with ranged weapons and melee
   (+3).
   rF:        It protects you from fire.
   Harm:      It increases damage dealt and taken.
 U - a +2 leather armour of cold resistance (worn)
Magical Staves
 I - a staff of air
 Q - a staff of conjuration
Jewellery
 q - an amulet of the acrobat (around neck)
 A - a +6 ring of intelligence (left hand)
 O - a ring of flight
 R - a ring of willpower (right hand)
 T - a ring of see invisible
Wands
 a - a wand of paralysis (3)
 r - a wand of mindburst (39)
 t - a wand of flame (34)
 B - a wand of roots (9)
 J - a wand of polymorph (10)
Scrolls
 c - a scroll of noise {unknown}
 e - 2 scrolls of fear {unknown}
 f - 4 scrolls of magic mapping {unknown}
 g - 3 scrolls of fog {unknown}
 h - 3 scrolls of brand weapon {unknown}
 i - 3 scrolls of enchant armour {unknown}
 l - a scroll of silence {unknown}
 n - 6 scrolls of teleportation {unknown}
 o - a scroll of torment {unknown}
 u - 7 scrolls of identify {unknown}
 x - 5 scrolls of blinking
 D - 3 scrolls of poison {unknown}
 F - a scroll of amnesia {unknown}
 G - a scroll of enchant weapon {unknown}
 P - a scroll of acquirement {unknown}
Potions
 b - 4 potions of magic
 d - a potion of lignification {unknown}
 j - 4 potions of attraction {unknown}
 m - 12 potions of curing {unknown}
 p - 3 potions of degeneration {unknown}
 s - 5 potions of mutation {unknown}
 w - 5 potions of might {unknown}
 z - a potion of flight {unknown}
 C - 7 potions of heal wounds {unknown}
 E - a potion of berserk rage {unknown}
 L - 2 potions of haste
 M - 3 potions of cancellation {unknown}
 N - a potion of invisibility {unknown}


   Skills:
 - Level 1.7 Dodging
 - Level 1.7 Stealth
 + Level 12.0 Spellcasting
 + Level 13.3 Conjurations


You had 27 spell levels left.
You knew the following spells:

 Your Spells              Type           Power      Damage    Failure   Level
a - Magic Dart            Conj           100%       1d8       0%          1
b - Searing Ray           Conj           100%       2d8       0%          2
c - Iskenderun's Mystic   Conj/Tloc      65%        2d13      1%          4

Your spell library contained the following spells:

 Spells                   Type           Power      Damage    Failure   Level
 Kiss of Death            Conj/Necr      100%       2d13      1%          1
 Static Discharge         Conj/Air       100%       2-7/arc   1%          2
 Dazzling Flash           Conj/Hex       100%       N/A       1%          3
 Mephitic Cloud           Conj/Pois/Air  54%        N/A       1%          3
 Fulminant Prism          Conj/Hex       32%        3d15      1%          4
 Sting                    Tmut/Pois      88%        1d7       2%          1
 Blink                    Tloc           44%        N/A       3%          2
 Call Imp                 Summ           44%        N/A       3%          2
 Confusing Touch          Hex            22%        N/A       7%          3
 Ignite Poison            Fire/Tmut/Pois 22%        N/A       7%          3
 Tukima's Dance           Hex            22%        N/A       7%          3
 Airstrike                Air            11%        2d(2-18)  24%         4
 Dispel Undead            Necr           22%        3d12      24%         4
 Manifold Assault         Tloc           22%        N/A       24%         4
 Passage of Golubria      Tloc           22%        N/A       24%         4
 Petrify                  Tmut/Erth      22%        N/A       24%         4
 Summon Lightning Spire   Summ/Air       22%        N/A       24%         4
 Metabolic Englaciation   Hex/Ice        11%        N/A       54%         5
 Yara's Violent Unravell  Hex/Tmut       11%        3d6       54%         5
 Statue Form              Tmut/Erth      14%        N/A       98%         6
 Storm Form               Tmut/Air       11%        N/A       100%        7


Dungeon Overview and Level Annotations

Branches:
Dungeon (12/15)            Temple (0/1) D:4            Lair (0/5) D:8
    Orc (0/2) D:9           Sewer (visited)          Bailey (visited)

Shops:
D:3 *   D:5 [

Annotations:
D:10 2 transporters, keni's ghost, journeyman NaFE


Innate Abilities, Weirdness & Mutations

You have an increased reservoir of magic. (+10% MP)
You shall have no god before yourself.
Your divine heritage dramatically boosts your attributes as you level up.


Message History

The yak is almost dead.
The yak is knocked back by the mystic blast.
The mystic blast hits the komodo dragon!
The komodo dragon is moderately wounded.
The komodo dragon is knocked back by the mystic blast.
The mystic blast hits the electric eel!!
You kill the electric eel!
You hear an angry hiss.
Unknown command.
Unknown command.
Casting: Iskenderun's Mystic Blast (dangerous; 1% risk of failure)
Confirm with . or Enter, or press ? or * to list all spells.
You erupt in a blast of force!
The mystic blast hits the yak!!
You kill the yak!
Unknown command.
Casting: Iskenderun's Mystic Blast (dangerous; 1% risk of failure)
Confirm with . or Enter, or press ? or * to list all spells.
You erupt in a blast of force!
The mystic blast hits the yak!!
You kill the yak!
The mystic blast hits the yak!
You kill the yak!
The mystic blast hits the komodo dragon!
The komodo dragon is heavily wounded.
You hear an angry hiss.
The komodo dragon bites you!!
* * * LOW HITPOINT WARNING * * *
Unknown command.
Casting: Iskenderun's Mystic Blast (dangerous; 1% risk of failure)
Confirm with . or Enter, or press ? or * to list all spells.
You erupt in a blast of force!
The mystic blast hits the yak!
You kill the yak!
The mystic blast hits the komodo dragon!
The komodo dragon is severely wounded.
The komodo dragon is knocked back by the mystic blast.
A komodo dragon comes into view.
Your Spellcasting skill increases to level 12!
Unknown command.
Unknown command.
The komodo dragon bites you!!
You die...

..#≈≈~.........
...≈≈≈.~~≈.~~~~
...~≈≈.~≈~....~
...~≈~.~≈≈...?.
...~≈~.~~~~~~~.
...~≈†.........
...~≈≈~~l~~≈≈≈~
...~≈≈≈@≈≈≈~≈≈≈
...~≈≈~.~≈~≈≈≈≈
###≈~≈~†≈≈≈≈≈≈≈
....~≈~.~≈≈≈≈≈≈
....~≈~.~~~~~~~
....l≈~........
###~≈≈≈≈~~≈~~~~
.~≈≈≈≈≈≈≈≈≈≈≈


You could see 2 komodo dragons.

Vanquished Creatures
  The ghost of Graphine the Basher, a journeyman MiFi (D:11)
  3 two-headed ogres
  The ghost of LavenderCorpse the Cleaver, a novice MiBe of Trog (D:7)
  Pikel (D:4)
  A cyclops (D:7)
  4 unseen horrors
  A rime drake (D:8)
  4 trolls
  Grinder (D:3)
  2 vampires
  3 shadows
  2 wraiths
  18 yaks
  2 steam dragons
  6 vampire mosquitoes
  A warg (D:7)
  2 acid dragons
  2 water moccasins
  3 sky beasts
  6 orc warriors
  5 ice beasts (D:8)
  4 wolves (D:8)
  4 centaurs
  An ogre (D:4)
  3 boggarts (D:11)
  A lemure (D:4)
  4 bullfrogs
  8 wights (D:8)
  3 howler monkeys (D:10)
  5 electric eels
  2 jellies
  3 hounds
  4 orc priests
  A gnoll bouda (D:8)
  7 iguanas
  10 orc wizards
  12 adders
  17 gnolls
  2 river rats (D:4)
  2 shadow imps (D:6)
  3 ufetubi
  A worm (D:3)
  47 orcs
  6 endoplasms
  13 giant cockroaches
  10 goblins
  4 hobgoblins
  3 jackals (D:2)
  4 kobolds
  6 quokkas
  3 training dummies (D:11)
  13 ball pythons
  A bat (D:2)
  15 frilled lizards
  5 rats
296 creatures vanquished.

Notes
Turn   | Place    | Note
-------+----------+-------------------------------------------
     0 | D:1      | McKennaii the Demigod Conjurer began the quest for the Orb.
     0 | D:1      | Reached XP level 1. HP: 14/14 MP: 5/5
   700 | D:1      | Reached XP level 2. HP: 20/20 MP: 4/7
   703 | D:1      | Learned a level 2 spell: Searing Ray
  1071 | D:2      | Reached skill level 4 in Conjurations
  1603 | D:2      | Reached XP level 3. HP: 26/26 MP: 1/9
  2370 | D:3      | Noticed Grinder
  2370 | D:3      | Paralysed by Grinder for 3 turns
  2379 | D:3      | Killed Grinder
  2380 | D:3      | Reached skill level 5 in Conjurations
  2380 | D:3      | Reached XP level 4. HP: 33/33 MP: 1/12
  2380 | D:3      | Reached XP level 5. HP: 38/38 MP: 1/14
  2524 | D:3      | Found Curax's General Store.
  3155 | D:3      | Reached XP level 6. HP: 45/45 MP: 6/15
  3288 | D:3      | Identified the +0 leather armour "Himuun Buemp" {rElec
                  | Slay+2}
  3430 | D:3      | Learned a level 4 spell: Iskenderun's Mystic Blast
  4031 | D:4      | Found a staircase to the Ecumenical Temple.
  4042 | D:4      | Reached skill level 6 in Conjurations
  4054 | D:4      | Found a glowing drain.
  4204 | Sewer    | Entered a sewer
  4621 | Sewer    | Reached skill level 5 in Spellcasting
  4621 | Sewer    | Reached XP level 7. HP: 37/50 MP: 10/18
  5131 | D:4      | Got the Catalogue of Teratogeny
  5670 | D:5      | Entered Level 5 of the Dungeon
  5732 | D:5      | Found the +2 cloak of the Thief {*Fog Slay-2 SInv Stlth+}
  5835 | D:5      | Found Amoh Jen's Antique Armour Boutique.
  5970 | D:5      | Noticed Pikel
  6001 | D:4      | Killed Pikel
  6002 | D:4      | Reached skill level 7 in Conjurations
  6002 | D:4      | Reached XP level 8. HP: 44/57 MP: 8/20
  6844 | D:6      | Reached skill level 8 in Conjurations
  7461 | D:6      | Reached XP level 9. HP: 36/62 MP: 16/24
  7471 | D:6      | Reached skill level 9 in Conjurations
  8307 | D:7      | Noticed a cyclops
  8386 | D:7      | Killed a cyclops
  8844 | D:7      | Reached skill level 10 in Conjurations
  8898 | D:7      | Found a runed translucent gate.
  8902 | D:7      | Noticed LavenderCorpse's ghost (novice MiBe)
  8910 | D:7      | Identified the +0 chain mail of Pekhill {*Corrode Will+++
                  | Dex+3 Slay+3}
  8940 | D:7      | Found a runed translucent gate.
  8941 | D:7      | Found a runed translucent gate.
  9176 | D:7      | Noticed a two-headed ogre
  9184 | D:7      | Killed a two-headed ogre
  9639 | D:8      | Reached XP level 10. HP: 57/69 MP: 21/27
 10395 | D:8      | Reached skill level 11 in Conjurations
 10850 | D:8      | Found a staircase to the Lair.
 11134 | D:9      | Reached skill level 10 in Spellcasting
 11240 | D:9      | Found a staircase to the Orcish Mines.
 11256 | D:9      | Found a flagged portal.
 11361 | Bailey   | Entered a bailey
 12873 | D:10     | Entered Level 10 of the Dungeon
 13228 | D:10     | Reached skill level 12 in Conjurations
 13228 | D:10     | Reached XP level 11. HP: 64/74 MP: 21/30
 13297 | D:10     | Found a transporter.
 13412 | D:10     | Found a transporter.
 13416 | D:10     | Noticed keni's ghost (journeyman NaFE)
 13426 | D:10     | Found a transporter.
 13724 | D:10     | Found a transporter.
 13738 | D:10     | Found a transporter.
 14003 | D:10     | Found a transporter.
 14513 | D:7      | Killed LavenderCorpse's ghost
 14744 | D:7      | Identified the +0 pair of gloves of Koth {Harm rF+ Slay+3}
 15012 | D:11     | Noticed Graphine's ghost (journeyman MiFi)
 15012 | D:11     | Found a large runed translucent door.
 15012 | D:11     | Found a large runed translucent door.
 15103 | D:11     | Found Horghifigh's Firing Range.
 15252 | D:11     | Noticed a two-headed ogre
 15258 | D:11     | Noticed a two-headed ogre
 15262 | D:11     | Killed a two-headed ogre
 15263 | D:11     | Noticed a two-headed ogre
 15600 | D:11     | Noticed a two-headed ogre
 15609 | D:11     | Killed a two-headed ogre
 15623 | D:11     | Reached skill level 13 in Conjurations
 16158 | D:11     | Killed Graphine's ghost
 16446 | D:12     | Mangled by a komodo dragon

Illustrated notes

Levels and vault maps discovered:
D:1:      scummos_arrival_star, layout_basic, corexii_item_surrounded_by_moat
D:2:      layout_loops_corners, ebering_ecumenical_altar_rust,
          minmay_misc_feat_enclosed
D:3:      layout_basic, grunt_temple_overflow_cloverleaf,
          nicolae_overflow_ecumenical_swirl, serial_shops, shop,
          amcnicky_mini_pool_small, uniq_grinder
D:4:      layout_cave_pools, minmay_temple_entry_offerings,
          serial_co_window_serial, co_window_of_opportunity_a,
          co_window_corner_a, co_window_paths_b, co_window_paths_a,
          co_window_paths_a, co_window_paths_c, co_window_broadway_b,
          co_window_corner_b, co_window_4corner_b, co_window_4corner_a,
          portal_sewer_entry_c
D:5:      layout_basic, serial_shops, shop, serial_corexii_hall,
          chequers_hall_statues_corner_a, chequers_hall_statues_y, uniq_pikel
D:6:      layout_loops_ring, chequers_serial_rivers_small_a
D:7:      minmay_chambers_of_sixes, layout_cave_pods, serial_column_ruins,
          column_ruins_hut_pillars, column_ruins_open_tiny,
          column_ruins_open_large, column_ruins_open_medium,
          column_ruins_corridor_T, biasface_ghost_orc_armoury,
          minmay_misc_feat_hallway, minmay_misc_feat_four_crosses,
          nicolae_elevator_lobby_asterisk
D:8:      layout_loops_ring, hellmonk_lair_entry_icy
D:9:      layout_big_octagon, nicolae_uskayaw_dance_hall, orc_0_dummy,
          enter_bailey_3, minmay_fountain_box, minivault_25, nrook_pool_corridor
D:10:     layout_basic, gammafunk_ghost_berserking_beasts,
          nicolae_diode_intersection
D:11:     layout_small_grid, ebering_ghost_disaster_area,
          nicolae_shop_firing_range
D:12:     layout_basic, amcnicky_mini_rare_corridor_liquid

Skill      XL: |  1  2  3  4  5  6  7  8  9 10 11 |
---------------+----------------------------------+-----
Spellcasting   | 2 3 4 5 6 7 9 10 12 | 12.0
Conjurations   | 4 5 6 7 8 10 12 13 | 13.3
Dodging        | |  1.7
Stealth        | |  1.7

Action                     |  1- 3 |  4- 6 |  7- 9 | 10-12 || total
---------------------------+-------+-------+-------+-------++-------
  Melee: Whip              |       |       |     7 |    14 ||    21
         Unarmed           |       |       |       |     4 ||     4
   Cast: Magic Dart        |    52 |   101 |   125 |    98 ||   376
         Searing Ray       |     4 |    10 |    34 |    86 ||   134
         Iskenderun's Myst |       |       |    18 |    71 ||    89
 Armour: Leather armour    |     2 |     6 |    12 |    45 ||    65
  Dodge: Dodged            |     4 |    13 |    44 |   175 ||   236
